 Dungeon Crawl Stone Soup version 0.25.0-1-g7eea58d (webtiles) character file.

Game seed: 13273180261010313041

149 Illumine the Slasher (level 5, -3/47 HPs)
             Began as a Gnoll Berserker on June 26, 2020.
             Was a Priest of Trog.
             Killed from afar by an orc wizard (9 damage)
             ... with a magic dart
             ... on level 4 of the Dungeon.
             The game lasted 00:03:37 (2869 turns).

Illumine the Slasher (Gnoll Berserker)              Turns: 2869, Time: 00:03:38

Health: -3/47      AC:  6    Str: 20    XL:     5   Next: 31%
Magic:  7/7        EV: 13    Int:  9    God:    Trog [***...]
Gold:   137        SH:  0    Dex: 15    Spells: 6/6 levels left

rFire    . . .     SeeInvis .   f - +2 dagger (elec)
rCold    . . .     Gourm    .   (no shield)
rNeg     . . .     Faith    .   k - +0 ring mail (curse)
rPois    .         Spirit   .   (no helmet)
rElec    .         Reflect  .   (no cloak)
rCorr    .         Harm     .   (no gloves)
MR       .....                  (no boots)
Stlth    +.........             (no amulet)
HPRegen  0.15/turn              (no ring)
MPRegen  0.10/turn              (no ring)

@: mighty, slowed, very slow
A: distributed training, fangs 1, strong nose
a: Berserk, Trog's Hand, Renounce Religion


You were on level 4 of the Dungeon.
You worshipped Trog.
Trog was most pleased with you.
You were not hungry.

You visited 1 branch of the dungeon, and saw 4 of its levels.

You collected 137 gold pieces.

Inventory:

Hand Weapons
 a - a +0 falchion
 f - a +2 dagger of electrocution (weapon)
Armour
 b - a +0 animal skin
 k - a cursed +0 ring mail (worn)
Scrolls
 d - 7 scrolls of identify {unknown}
 h - 2 scrolls of remove curse {unknown}
 j - a scroll of immolation {unknown}
Potions
 g - 2 potions of curing
 i - a potion of heal wounds {unknown}
Comestibles
 c - 7 rations


   Skills:
 + Level 6.6 Fighting
 + Level 1.4 Short Blades
 + Level 6.6 Long Blades
 + Level 1.4 Axes
 + Level 1.4 Maces & Flails
 + Level 1.4 Polearms
 + Level 1.4 Staves
 + Level 1.4 Slings
 + Level 1.4 Bows
 + Level 1.4 Crossbows
 + Level 1.4 Throwing
 + Level 4.7 Armour
 + Level 4.7 Dodging
 + Level 1.4 Stealth
 + Level 1.4 Shields
 + Level 1.4 Unarmed Combat
 + Level 1.4 Spellcasting
 + Level 1.1 Conjurations
 + Level 1.1 Hexes
 + Level 1.1 Charms
 + Level 1.1 Summonings
 + Level 1.1 Necromancy
 + Level 1.1 Translocations
 + Level 1.1 Transmutations
 + Level 1.1 Fire Magic
 + Level 1.1 Ice Magic
 + Level 1.1 Air Magic
 + Level 1.1 Earth Magic
 + Level 1.1 Poison Magic
 + Level 1.5 Invocations
 + Level 1.4 Evocations


You had 6 spell levels left.
You didn't know any spells.
Your spell library was empty.

Dungeon Overview and Level Annotations

Branches:
Dungeon (4/15)
 Temple: D:4-7

Altars:

Annotations:
D:3 Terence


Innate Abilities, Weirdness & Mutations

Your experience applies equally to all skills.
You have very sharp teeth.
Your uncanny sense of smell can sniff out nearby items.


Message History

The orc wizard is lightly wounded.
The orc wizard hits you but does no damage.
The orc wizard gestures wildly while chanting.
The orc wizard blinks!
Something hits you but does no damage.
You hit something. Something hits you but does no damage.
You hear some strange, mumbled words.
A magic dart appears from out of thin air!
The magic dart hits you.
* * * LOW HITPOINT WARNING * * *
The orc wizard casts a spell.
The orc wizard blinks!
You hear some strange, mumbled words.
Something tries to affect you, but you resist.
The orc wizard casts a spell at you. The magic dart hits you!
* * * LOW HITPOINT WARNING * * *
The orc wizard hits you but does no damage.
The orc wizard points at you and mumbles some strange words.
The magic dart hits you!
You die...

###...#......##.####
###...#............#
.##...#......##.##.#
.##...#......##.##.#
.######......##.##.#
.# #####.###.##.# .#
#.# #.##.# ##
#.###.##.## ####
#.#รท..@o..# ...#
#.#.####s## ...#
#.#.# #.# ...#
##.#.# #o# ...+
+....# #.# ...#
..##+### #o# ...#
#......####.# ####
#......so...# #
#....o.######


You could see a scorpion and an orc wizard (fast).

Vanquished Creatures
  A worker ant (D:4)
  Robin (D:2)
  4 adders
  A worm (D:3)
  2 dart slugs
  3 leopard geckos
  An orc (D:3)
  2 giant cockroaches
  13 goblins
  8 hobgoblins
  4 jackals (D:1)
  7 bats
  5 frilled lizards
  12 kobolds
  4 rats
68 creatures vanquished.

Vanquished Creatures (others)
  A quokka (D:4)
1 creature vanquished.

Grand Total: 69 creatures vanquished

Notes
Turn   | Place    | Note
-------+----------+-------------------------------------------
     0 | D:1      | Illumine the Gnoll Berserker began the quest for the Orb.
     0 | D:1      | Reached XP level 1. HP: 23/23 MP: 1/1
   205 | D:1      | Reached XP level 2. HP: 23/29 MP: 2/2
   608 | D:1      | Reached XP level 3. HP: 34/35 MP: 3/3
   616 | D:1      | Reached ** piety under Trog
   894 | D:2      | Noticed Robin
   933 | D:2      | Killed Robin
   933 | D:2      | Reached skill level 1 in Invocations
  1268 | D:2      | Reached skill level 1 in Short Blades
  1268 | D:2      | Reached skill level 1 in Axes
  1268 | D:2      | Reached skill level 1 in Maces & Flails
  1268 | D:2      | Reached skill level 1 in Polearms
  1268 | D:2      | Reached skill level 1 in Staves
  1268 | D:2      | Reached skill level 1 in Slings
  1268 | D:2      | Reached skill level 1 in Bows
  1268 | D:2      | Reached skill level 1 in Crossbows
  1268 | D:2      | Reached skill level 1 in Throwing
  1268 | D:2      | Reached skill level 1 in Stealth
  1268 | D:2      | Reached skill level 1 in Shields
  1268 | D:2      | Reached skill level 1 in Unarmed Combat
  1268 | D:2      | Reached skill level 1 in Spellcasting
  1268 | D:2      | Reached skill level 1 in Evocations
  1268 | D:2      | Reached XP level 4. HP: 40/41 MP: 5/5
  2127 | D:3      | Reached skill level 1 in Conjurations
  2127 | D:3      | Reached skill level 1 in Hexes
  2127 | D:3      | Reached skill level 1 in Charms
  2127 | D:3      | Reached skill level 1 in Summonings
  2127 | D:3      | Reached skill level 1 in Necromancy
  2127 | D:3      | Reached skill level 1 in Translocations
  2127 | D:3      | Reached skill level 1 in Transmutations
  2127 | D:3      | Reached skill level 1 in Fire Magic
  2127 | D:3      | Reached skill level 1 in Ice Magic
  2127 | D:3      | Reached skill level 1 in Air Magic
  2127 | D:3      | Reached skill level 1 in Earth Magic
  2127 | D:3      | Reached skill level 1 in Poison Magic
  2250 | D:3      | Reached *** piety under Trog
  2337 | D:3      | Reached XP level 5. HP: 46/47 MP: 6/6
  2341 | D:3      | Noticed Terence
  2869 | D:4      | Killed from afar by an orc wizard

Illustrated notes

Levels and vault maps discovered:
D:1:      sevenhm_arrival_forest_fort_large_2, layout_rooms
D:2:      layout_basic, uniq_robin
D:3:      layout_loops_ring, overflow_temple_1_default, first_ration,
          kennysheep_generic_room_16, uniq_terence, uniq_natasha
D:4:      layout_basic, grunt_temple_overflow_forces_of_nature,
          lemuel_doored_altar, elyvilon_altar_4, eat_drink_and_be_merry_uskayaw

Skill      XL: |  1  2  3  4 |
---------------+-------------+-----
Invocations    | 1 |  1.5
Short Blades   | 1 |  1.4
Axes           | 1 |  1.4
Maces & Flails | 1 |  1.4
Polearms       | 1 |  1.4
Staves         | 1 |  1.4
Slings         | 1 |  1.4
Bows           | 1 |  1.4
Crossbows      | 1 |  1.4
Throwing       | 1 |  1.4
Stealth        | 1 |  1.4
Shields        | 1 |  1.4
Unarmed Combat | 1 |  1.4
Spellcasting   | 1 |  1.4
Evocations     | 1 |  1.4
Conjurations   | 1 |  1.1
Hexes          | 1 |  1.1
Charms         | 1 |  1.1
Summonings     | 1 |  1.1
Necromancy     | 1 |  1.1
Translocations | 1 |  1.1
Transmutations | 1 |  1.1
Fire Magic     | 1 |  1.1
Ice Magic      | 1 |  1.1
Air Magic      | 1 |  1.1
Earth Magic    | 1 |  1.1
Poison Magic   | 1 |  1.1
Fighting       | |  6.6
Long Blades    | |  6.6
Armour         | |  4.7
Dodging        | |  4.7

Action                   |  1- 3 |  4- 6 || total
-------------------------+-------+-------++-------
Melee: Falchion          |    92 |    32 ||   124
       Bite              |     9 |     9 ||    18
       Dagger            |       |    55 ||    55
       Punch             |       |     1 ||     1
  Use: Potion            |       |     2 ||     2
 Stab: Sleeping          |     3 |     2 ||     5
  Eat: Chunk             |     1 |     5 ||     6
Armor: Animal skin       |    14 |     5 ||    19
       Ring mail         |       |     3 ||     3
Dodge: Dodged            |    71 |    46 ||   117
       Rpst.: Falchion   |    14 |     8 ||    22
